 Dungeon Crawl Stone Soup version 0.32-a0-39-g5c88369fb2 (webtiles) character file.

Game seed: 3057714504198147586

181 Luihuable the Trooper (level 5, -5/33 HPs)
             Began as a Gargoyle Monk on Feb 3, 2024.
             Was an Initiate of Ashenzari.
             Killed by divine providence
             ... invoked by an orc priest
              (9 damage)
             ... on level 3 of the Dungeon.
             The game lasted 00:14:34 (1937 turns).

Luihuable the Trooper (Gargoyle Monk)               Turns: 1937, Time: 00:14:35

Health: -5/33      AC:  6    Str: 15    XL:     5   Next: 61%
Magic:  5/5        EV: 13    Int: 10    God:    Ashenzari [......]
Gold:   146        SH:  0    Dex: 14    Spells: 4/4 levels left

rFire   . . .        s - +2 quarterstaff (spect)
rCold   . . .        (shield currently unavailable)
rNeg    + . .        n - +0 robe
rPois   ∞            (no helmet)
rElec   +            (no cloak)
rCorr   .            (no gloves)
SInv    .            (no boots)
Will    .....        (no amulet)
Stlth   +            (no ring)
HPRegen 0.25/turn    (no ring)
MPRegen 0.09/turn

%: no passive effects
@: no status effects
A: sickness immunity, AC +4, negative energy resistance 1, electricity
resistance, torment resistance 1, petrification resistance
a: Renounce Religion, Curse Item


You were on level 3 of the Dungeon.
You worshipped Ashenzari.
Ashenzari was noncommittal.
You visited 1 branch of the dungeon, and saw 3 of its levels.

You collected 146 gold pieces.

Inventory:

Hand Weapons
 a - a +0 spear
 s - a +2 spectral quarterstaff (weapon)
Missiles
 i - 5 boomerangs (quivered)
Armour
 b - a +0 robe
 d - an orb of light
 f - a +2 tower shield
 n - a +0 robe (worn)
Talismans
 h - a flux talisman
Scrolls
 e - a scroll of revelation {unknown}
 g - a scroll of blinking {unknown}
 r - 5 scrolls of identify {unknown}
 u - a scroll of vulnerability {unknown}
Potions
 c - 2 potions of ambrosia
 k - 2 potions of curing {unknown}
 m - 2 potions of magic {unknown}
 q - a potion of degeneration {unknown}


   Skills:
 + Level 4.1 Fighting
 + Level 3.9(4.1) Polearms
 + Level 1.3(3.1) Staves
 + Level 3.4 Dodging
 + Level 0.5 Stealth


You had 4 spell levels left.
You didn't know any spells.
Your spell library contained the following spells:

 Spells                   Type           Power      Damage    Failure   Level
 Inner Flame              Hex/Fire       0%         N/A       75%         3
 Flame Wave               Conj/Fire      0%         2d4       98%         4
 Sticky Flame             Fire/Alch      0%         2d4       98%         4


Dungeon Overview and Level Annotations

Branches:
Dungeon (3/15)

Altars:
Ashenzari
Ru


Innate Abilities, Weirdness & Mutations

You are immune to sickness and miasma.
Your stone body is resilient. (AC +4)
You are immune to poison.
You resist negative energy. (rN+)
You are resistant to electric shocks. (rElec)
You are resistant to unholy torment.
You are immune to petrification.


Message History

An orc priest and an orc come into view.
The orc shouts!
The orc priest shouts!
The orc shouts!
The hobgoblin shouts!
You hear a shout!
An orc wizard comes into view. It is wielding a +1 dagger of pain.
The orc hits you but does no damage.
You closely miss the orc.
The hobgoblin hits you but does no damage.
The orc priest completely misses you.
The orc priest invokes the aid of Beogh against you.
Beogh smites you! The orc closely misses you.
You hit the orc but do no damage. The hobgoblin barely misses you.
The orc priest looks encouraged for a moment.
The orc hits you but does no damage. The orc priest barely misses you.
The hobgoblin misses you. The orc closely misses you.
You hit the orc.
The orc is heavily wounded.
The hobgoblin hits you.
The orc priest hits you but does no damage.
The orc hits you but does no damage.
The hobgoblin attacks as it pursues you!
The hobgoblin hits you.
You sock the hobgoblin!
You kill the hobgoblin!
There are monsters nearby!
You don't know any spells.
The orc priest looks satisfied for a moment.
The orc priest invokes the aid of Beogh against you.
Beogh smites you!
* * * LOW HITPOINT WARNING * * *
You closely miss the orc.
The orc is heavily wounded.
Your +2 spectral quarterstaff barely misses the orc.
The orc barely misses you. The orc hits you with a +0 club.
* * * LOW HITPOINT WARNING * * *
You hit the orc.
The orc is severely wounded.
Your +2 spectral quarterstaff barely misses the orc.
The orc priest mumbles some strange prayers to Beogh against you.
Beogh smites you!
You die...

##.#.........#.#
##.#.......#.##
##.#.....#.##
##.##.##.##
##.....## ###.###
#.# #.#
#@################
#(ooo.oo..........
##################
...... ......
#####. ##


You could see 2 orc priests, an orc wizard, 2 orcs and a friendly +2 spectral
quarterstaff.

Vanquished Creatures
  A bombardier beetle (D:3)
  An orc wizard (D:3)
  4 adders
  3 dart slugs
  7 ball pythons
  6 endoplasms
  3 giant cockroaches (D:2)
  8 goblins
  7 hobgoblins
  2 jackals (D:1)
  15 bats
  3 frilled lizards (D:1)
  5 kobolds
  11 rats
76 creatures vanquished.

Notes
Turn   | Place    | Note
-------+----------+-------------------------------------------
     0 | D:1      | Luihuable the Gargoyle Monk began the quest for the Orb.
     0 | D:1      | Reached XP level 1. HP: 14/14 MP: 1/1
   141 | D:1      | Reached XP level 2. HP: 12/19 MP: 2/2
   439 | D:1      | Reached XP level 3. HP: 19/24 MP: 3/3
   679 | D:2      | Reached XP level 4. HP: 25/29 MP: 4/4
  1597 | D:3      | Found a broken altar of Ashenzari.
  1616 | D:3      | Became a worshipper of Ashenzari the Shackled
  1744 | D:3      | Found a sacrificial altar of Ru.
  1752 | D:3      | Reached skill level 4 in Fighting
  1752 | D:3      | Reached XP level 5. HP: 26/33 MP: 5/5
  1841 | D:3      | Found a faded altar of an unknown god.
  1852 | D:3      | Reached skill level 1 in Staves
  1937 | D:3      | Killed from afar by an orc priest

Illustrated notes

Levels and vault maps discovered:
D:1:      lightli_arrival_quake, layout_basic
D:2:      layout_basic
D:3:      layout_basic, nicolae_ru_great_annihilating_truth,
          cheibrodos_ashenzari_chains, shapermc_ecumenical_altar_starsandcircs,
          roderic_batcave

Skill      XL: |  1  2  3  4  5 |
---------------+----------------+-----
Polearms       | 3 |  3.9
Dodging        | 3 |  3.4
Fighting       | 4 |  4.1
Staves         | 1 |  1.3
Stealth        | |  0.5

Action                     |  1- 3 |  4- 6 || total
---------------------------+-------+-------++-------
  Melee: Spear             |   108 |    47 ||   155
         Quarterstaff      |       |    41 ||    41
   Stab: Paralysed         |       |     1 ||     1
         Distracted        |       |     1 ||     1
 Armour: Robe              |    56 |    43 ||    99
  Dodge: Dodged            |    86 |    78 ||   164

Table legend: (Time is in decaauts)
 A = Elapsed time spent in this place.
 B = Non-inter-level travel time spent in this place.
 C = Inter-level travel time spent in this place.
 D = Time resting spent in this place.
 E = Time spent auto-exploring this place.
 F = Levels seen in this place.
 G = Mean time per level.
                   A        B        C        D        E       F      G
               +--------+--------+--------+--------+--------+-----+--------+
         Total |   1932 |   1277 |    655 |    100 |    595 |   3 |  644.0 |
       Dungeon |   1932 |   1277 |    655 |    100 |    595 |   3 |  644.0 |
               +--------+--------+--------+--------+--------+-----+--------+

Top non-repeatable levels by time:
     D:2: 934 daAuts
     D:1: 556 daAuts
     D:3: 442 daAuts
